 Dungeon Crawl Stone Soup version 0.24.0-125-gc4c63601f3 (webtiles) character file.

Game seed: 17444007286648603094, levelgen mode: deterministic

262 Divind the Ruffian (level 5, 0/53 HPs)
             Began as a Troll Chaos Knight on Feb 29, 2020.
             Was a Plaything of Xom.
             Succumbed to a worker ant's poison
             ... on level 4 of the Dungeon.
             The game lasted 00:06:42 (2514 turns).

Divind the Ruffian (Troll Chaos Knight)             Turns: 2514, Time: 00:06:43

Health: 0/53       AC:  8    Str: 21    XL:     5   Next: 97%
Magic:  4/4        EV:  9    Int:  8    God:    Xom [..*...]
Gold:   295        SH:  0    Dex:  9    Spells: 4/4 levels left

rFire    . . .     SeeInvis .     - Unarmed
rCold    . . .     Gourm    +   (no shield)
rNeg     . . .     Faith    .   a - +2 robe
rPois    .         Spirit   .   (helmet restricted)
rElec    .         Reflect  .   (no cloak)
rCorr    .         Harm     .   (gloves unavailable)
MR       .....                  (boots unavailable)
Stlth    +.........             (no amulet)
HPRegen  0.57/turn              (no ring)
MPRegen  0.09/turn              (no ring)

@: lethally poisoned (0 -> -16), heavily drained
A: large, unfitting armour, claws 3, fast metabolism 3, gourmand, regeneration
1, shaggy fur 1, tough skin 3
a: Renounce Religion


You were on level 4 of the Dungeon.
You worshipped Xom.
You were a toy of Xom.
You were not hungry.

You visited 1 branch of the dungeon, and saw 4 of its levels.

You collected 295 gold pieces.

Inventory:

Missiles
 j - 4 atropa-tipped darts (quivered)
Armour
 a - a +2 robe (worn)
Scrolls
 c - 2 scrolls of random uselessness {unknown}
 d - a scroll of fog {unknown}
 e - 4 scrolls of identify {unknown}
 f - a scroll of enchant armour {unknown}
 g - a scroll of blinking {unknown}
 i - a scroll of amnesia {unknown}
 l - 2 scrolls of noise {unknown}
 m - 2 scrolls of magic mapping {unknown}
 n - 2 scrolls of enchant weapon {unknown}
Potions
 h - a potion of magic {unknown}
 k - a potion of lignification {unknown}
 o - a potion of curing {unknown}
 p - a potion of heal wounds {unknown}
 q - a potion of invisibility {unknown}
Comestibles
 b - 3 rations


   Skills:
 + Level 3.0(1.2) Fighting
 + Level 3.0(1.3) Dodging
 + Level 0.9(0.0) Stealth
 + Level 5.3(3.4) Unarmed Combat


You had 4 spell levels left.
You didn't know any spells.
Your spell library was empty.

Dungeon Overview and Level Annotations

Branches:
Dungeon (4/15)
 Temple: D:4-7

Altars:
Fedhas
Nemelex Xobeh


Innate Abilities, Weirdness & Mutations

You are too large for most types of armour.
You have claws for hands.
Your metabolism is lightning-fast.
You like to eat raw meat.
Your natural rate of healing is unusually fast.
You are covered in fur. (AC +1)
You have extremely tough skin. (AC +3)


Message History

You are more poisoned.
The worker ant poisons you! The quokka barely misses you.
You closely miss the worker ant.
The worker ant is almost dead.
You feel sick. The worker ant bites you.
* * * LOW HITPOINT WARNING * * *
You are more poisoned.
The worker ant poisons you!
The quokka bites you but does no damage.
You scratch the worker ant.
The worker ant is almost dead.
* * * LOW HITPOINT WARNING * * *
You feel sick. The worker ant bites you.
* * * LOW HITPOINT WARNING * * *
Xom is interested.
The quokka bites you but does no damage.
You barely miss the worker ant.
The worker ant is almost dead.
You die...
Xom titters!

........# .. .......# ....
......##.... .......#..# .
.......... .. ........#..
... #a#........ ....###
##@r........
.......##..#.#....#
....##....##......
........####...# #
.....#..####...# #. ...#
##..#.....# .#####
...#..##...##..# ....
.........###.######.######
.....###.# #.............#


You could see a worker ant and a quokka.

Vanquished Creatures
  2 orc wizards (D:3)
  A worker ant (D:4)
  3 gnolls (D:3)
  5 adders
  4 oozes
  A worm (D:3)
  A dart slug (D:1)
  3 leopard geckos
  5 orcs
  2 ball pythons
  9 bats
  A giant cockroach (D:3)
  8 hobgoblins
  7 jackals
  5 kobolds
  4 quokkas
  4 frilled lizards
  7 goblins
  A leopard gecko skeleton (D:4)
  7 rats
80 creatures vanquished.

Vanquished Creatures (collateral kills)
  A worm (D:3)
1 creature vanquished.

Vanquished Creatures (others)
  A bat (D:3)
1 creature vanquished.

Grand Total: 82 creatures vanquished

Notes
Turn   | Place    | Note
-------+----------+-------------------------------------------
     0 | D:1      | Divind the Troll Chaos Knight began the quest for the Orb.
     0 | D:1      | Reached XP level 1. HP: 22/22 MP: 0/0
     6 | D:1      | Noticed a rime drake
     6 | D:1      | Noticed a water moccasin
     6 | D:1      | Noticed a polar bear
     7 | D:1      | Noticed a lindwurm
   116 | D:1      | Reached XP level 2. HP: 29/29 MP: 1/1
   621 | D:1      | Found a sparkling altar of Nemelex Xobeh.
   810 | D:2      | XOM: 6-stop teleportation journey
   811 | D:2      | XOM: god gift: 4 atropa-tipped darts
   818 | D:2      | Reached XP level 3. HP: 26/36 MP: 2/2
  1042 | D:2      | XOM: god gift: 35 gold pieces
  1084 | D:2      | XOM: swap monsters
  1110 | D:2      | Found a blossoming altar of Fedhas.
  1162 | D:2      | XOM: mild Erth miscast
  1276 | D:2      | Reached skill level 4 in Unarmed Combat
  1276 | D:2      | Reached XP level 4. HP: 31/44 MP: 3/3
  1282 | D:2      | XOM: confusion
  1425 | D:2      | XOM: mild Pois miscast
  1473 | D:2      | XOM: harmless Ice miscast
  1639 | D:2      | XOM: harmless Chrm miscast
  1652 | D:2      | XOM: harmless Chrm miscast
  1766 | D:3      | XOM is BORED!
  1766 | D:3      | XOM: enchant monster (bad)
  1776 | D:3      | XOM: divination: detect creatures
  1926 | D:3      | XOM: cast spell 'Call Canine Familiar'
  2036 | D:3      | XOM: mild Air miscast
  2119 | D:3      | Reached XP level 5. HP: 52/52 MP: 4/4
  2120 | D:3      | XOM: noise
  2243 | D:3      | Reached skill level 5 in Unarmed Combat
  2513 | D:4      | HP: 1/53 [worker ant (6)]
  2514 | D:4      | Succumbed to a worker ant's poison

Levels and vault maps discovered:
D:1:      onia_arrival_zoo_common, layout_loops_ring,
          nemelex_diamond_rough_becter
D:2:      layout_basic, fedhas_altar_1, serial_forest,
          infiniplex_forest_lined_ring, infiniplex_forest_lined_ring,
          infiniplex_forest_end_2, infiniplex_forest_clump_large,
          infiniplex_forest_lined_room_3, infiniplex_forest_corner_1,
          infiniplex_forest_clump_large, infiniplex_forest_side_room,
          infiniplex_forest_clump_curved, infiniplex_forest_clump_double,
          minmay_tetromino_o4
D:3:      layout_rooms, patterned_corridor
D:4:      layout_rooms, dancing_weapons_uskayaw

Skill      XL: |  1  2  3  4  5 |
---------------+----------------+-----
Dodging        | 2 3 |  3.0
Unarmed Combat | 4 5 |  5.3
Fighting       | 3 |  3.0
Stealth        | |  0.9

Action                   |  1- 3 |  4- 6 || total
-------------------------+-------+-------++-------
Melee: Unarmed           |   101 |   137 ||   238
       Punch             |     1 |     3 ||     4
  Eat: Chunk             |     5 |    12 ||    17
       Ration            |     1 |     1 ||     2
Armor: Robe              |    55 |    96 ||   151
Dodge: Dodged            |    60 |   118 ||   178
